General information
- name: BNet
- type: Ladder team game (AT/RT)
- host: Battle.net
- saver: AQUAFLEX
map: GolemsInTheMist
- players: 8
- length: 32:40
- speed: Fast
- version: 1.24 W3XP
- replay type: Public
» download(327 KB)
Players
team 1 (winner)
AQUAFLEX (
yellow | 73 APM | 2385 actions | 32:40)
5 Tauren Chieftain
2 War Stomp
3 Endurance Aura
4 Shadow Hunter
2 Hex
2 Healing Wave
» actions
| Assign group hotkey | 26 | |
| Basic commands | 72 | |
| Build / train | 51 | |
| Enter build submenu | 24 | |
| Enter hero's abilities submenu | 9 | |
| Give item / drop item | 2 | |
| Remove unit from queue | 1 | |
| Right click | 1212 | |
| Select / deselect | 359 | |
| Select group hotkey | 521 | |
| Use ability | 108 | |
2385 total
» units
| Peon | 9 | |
| Grunt | 10 | |
| Tauren | 5 | |
| Troll Witch Doctor | 2 | |
26 total
» upgrades
| Armor | 2 | |
| Melee Weapons | 2 | |
| Reinforced Defenses | 1 | |
| Witch Doctor Training | 2 | |
7 total
» buildings
| Orc Burrow | 6 | |
| Barracks | 1 | |
| Altar of Storms | 1 | |
| War Mill | 2 | |
| Voodoo Lounge | 1 | |
| Watch Tower | 6 | |
| Stronghold | 2 | |
| Fortress | 1 | |
| Spirit Lodge | 1 | |
| Tauren Totem | 2 | |
23 total
» build order
00:19 Orc Burrow
00:25 Barracks
00:42 Altar of Storms
01:37 Orc Burrow
02:26 War Mill
02:44 Voodoo Lounge
03:48 Watch Tower
03:49 Watch Tower
04:20 Stronghold
04:20 Stronghold
04:48 Orc Burrow
07:39 Fortress
08:07 Spirit Lodge
08:51 Orc Burrow
10:37 Watch Tower
10:56 Watch Tower
11:46 War Mill
12:26 Tauren Totem
13:17 Tauren Totem
14:21 Orc Burrow
16:02 Orc Burrow
20:25 Watch Tower
21:45 Watch Tower
» items
| Scroll of Town Portal | 2 | |
| Orb of Lightning | 1 | |
3 total
costa_rica (
green | 102 APM | 3335 actions | 32:39)
5 Archmage
3 Summon Water Elemental
2 Brilliance Aura
4 Mountain King
2 Storm Bolt
2 Bash
» actions
| Assign group hotkey | 119 | |
| Basic commands | 256 | |
| Build / train | 219 | |
| ESC pressed | 8 | |
| Enter build submenu | 35 | |
| Enter hero's abilities submenu | 9 | |
| Give item / drop item | 2 | |
| Remove unit from queue | 2 | |
| Right click | 1107 | |
| Select / deselect | 661 | |
| Select group hotkey | 711 | |
| Use ability | 206 | |
3335 total
» units
| Peasant | 39 | |
| Footman | 20 | |
| Goblin Shredder | 4 | |
| Gryphon Rider | 48 | |
| Knight | 1 | |
| Rifleman | 7 | |
119 total
» upgrades
| Swords | 3 | |
| Armor | 3 | |
| Lumber Harvesting | 2 | |
| Masonry | 1 | |
| Animal War Training | 1 | |
| Storm Hammers | 1 | |
| Long Rifles | 1 | |
| Gunpowder | 1 | |
13 total
» buildings
| Farm | 12 | |
| Altar of Kings | 1 | |
| Blacksmith | 1 | |
| Barracks | 2 | |
| Arcane Vault | 2 | |
| Keep | 2 | |
| Scout Tower | 23 | |
| Arcane Tower | 11 | |
| Town Hall | 2 | |
| Castle | 4 | |
| Lumber Mill | 1 | |
| Guard Tower | 15 | |
| Gryphon Aviary | 3 | |
79 total
» build order
01:15 Farm
01:20 Altar of Kings
01:23 Blacksmith
01:27 Farm
01:37 Barracks
02:06 Farm
02:07 Farm
03:10 Barracks
03:34 Arcane Vault
04:11 Keep
04:19 Scout Tower
04:21 Scout Tower
05:12 Arcane Tower
05:12 Arcane Tower
05:15 Arcane Tower
05:15 Arcane Tower
05:15 Arcane Tower
05:39 Farm
06:17 Town Hall
06:19 Scout Tower
06:19 Scout Tower
06:19 Scout Tower
06:21 Scout Tower
06:21 Scout Tower
06:22 Scout Tower
07:44 Castle
07:44 Castle
07:45 Castle
08:22 Lumber Mill
08:53 Guard Tower
08:53 Guard Tower
08:54 Guard Tower
09:38 Scout Tower
09:39 Scout Tower
09:40 Scout Tower
09:41 Scout Tower
10:23 Guard Tower
10:23 Guard Tower
10:51 Guard Tower
10:52 Guard Tower
11:33 Scout Tower
11:35 Scout Tower
11:36 Scout Tower
12:03 Gryphon Aviary
12:03 Gryphon Aviary
12:04 Gryphon Aviary
12:54 Guard Tower
12:55 Guard Tower
12:55 Guard Tower
13:45 Farm
13:46 Farm
13:47 Farm
14:55 Scout Tower
15:50 Farm
15:51 Farm
15:57 Arcane Tower
15:57 Arcane Tower
15:57 Arcane Tower
19:57 Arcane Vault
21:50 Farm
25:04 Town Hall
25:44 Scout Tower
25:44 Scout Tower
25:45 Scout Tower
25:45 Scout Tower
25:46 Scout Tower
25:47 Scout Tower
25:48 Scout Tower
30:51 Farm
» items
| Potion of Healing | 1 | |
| Potion of Mana | 1 | |
| Scroll of Regeneration | 5 | |
| Lesser Clarity Potion | 2 | |
9 total
MR_ASTON_MARTIN (
purple | 102 APM | 3316 actions | 32:39)
7 Death Knight
3 Death Coil
3 Unholy Aura
1 Animate Dead
5 Lich
3 Frost Nova
2 Frost Armor
4 Dreadlord
2 Sleep
2 Vampiric Aura
» actions
| Assign group hotkey | 40 | |
| Basic commands | 95 | |
| Build / train | 91 | |
| ESC pressed | 7 | |
| Enter build submenu | 31 | |
| Enter hero's abilities submenu | 17 | |
| Give item / drop item | 6 | |
| Right click | 1584 | |
| Select / deselect | 316 | |
| Select group hotkey | 959 | |
| Use ability | 170 | |
3316 total
» units
| Acolyte | 13 | |
| Ghoul | 2 | |
| Crypt Fiend | 9 | |
| Goblin Shredder | 1 | |
| Frost Wyrm | 17 | |
42 total
» upgrades
| Creature Attack | 1 | |
| Web | 1 | |
| Burrow | 1 | |
3 total
» buildings
| Crypt | 2 | |
| Graveyard | 2 | |
| Altar of Darkness | 1 | |
| Ziggurat | 17 | |
| Tomb of Relics | 3 | |
| Nerubian Tower | 1 | |
| Halls of the Dead | 2 | |
| Black Citadel | 3 | |
| Sacrificial Pit | 1 | |
| Spirit Tower | 1 | |
| Boneyard | 3 | |
36 total
» build order
00:06 Crypt
00:10 Graveyard
00:39 Altar of Darkness
00:51 Ziggurat
01:28 Tomb of Relics
01:45 Ziggurat
01:48 Nerubian Tower
02:06 Halls of the Dead
02:06 Halls of the Dead
02:17 Crypt
02:39 Ziggurat
03:26 Ziggurat
04:17 Ziggurat
04:39 Black Citadel
04:39 Black Citadel
05:00 Tomb of Relics
05:02 Sacrificial Pit
05:28 Spirit Tower
05:33 Tomb of Relics
07:09 Boneyard
07:11 Boneyard
07:11 Boneyard
08:20 Ziggurat
12:32 Ziggurat
16:33 Ziggurat
17:04 Ziggurat
19:25 Ziggurat
19:25 Ziggurat
19:26 Ziggurat
19:27 Ziggurat
19:31 Ziggurat
19:44 Ziggurat
19:45 Ziggurat
19:57 Ziggurat
20:31 Graveyard
» items
| Rod of Necromancy | 3 | |
| Healing Salve | 2 | |
| Lesser Clarity Potion | 1 | |
| Potion of Healing | 1 | |
| Orb of Corruption | 3 | |
| Scroll of Town Portal | 8 | |
| Potion of Mana | 2 | |
20 total
pro2.swag (
pink | 24 APM | 787 actions | 32:39)
4 Blademaster
2 Wind Walk
2 Critical Strike
» actions
| Assign group hotkey | 4 | |
| Basic commands | 33 | |
| Build / train | 29 | |
| ESC pressed | 3 | |
| Enter build submenu | 16 | |
| Enter hero's abilities submenu | 4 | |
| Right click | 428 | |
| Select / deselect | 212 | |
| Use ability | 58 | |
787 total
» units
» upgrades
» buildings
| Orc Burrow | 5 | |
| War Mill | 2 | |
| Altar of Storms | 1 | |
| Voodoo Lounge | 1 | |
| Watch Tower | 3 | |
| Great Hall | 3 | |
15 total
» build order
00:08 Orc Burrow
00:25 War Mill
01:27 Altar of Storms
02:19 Voodoo Lounge
07:01 Orc Burrow
09:36 Watch Tower
09:38 Watch Tower
09:43 Orc Burrow
10:52 Great Hall
10:54 Watch Tower
14:31 Great Hall
19:50 Orc Burrow
20:24 War Mill
28:48 Great Hall
31:58 Orc Burrow
» items
| Healing Salve | 1 | |
| Lesser Clarity Potion | 3 | |
4 total
team 2 (loser)
EuroVisionisGG (
orange | 104 APM | 3252 actions | 31:24)
6 Tauren Chieftain
2 Shockwave
3 Endurance Aura
1 Reincarnation
» actions
| Assign group hotkey | 223 | |
| Basic commands | 58 | |
| Build / train | 75 | |
| ESC pressed | 6 | |
| Enter build submenu | 27 | |
| Enter hero's abilities submenu | 6 | |
| Give item / drop item | 2 | |
| Right click | 1604 | |
| Select / deselect | 345 | |
| Select group hotkey | 771 | |
| Use ability | 135 | |
3252 total
» units
| Peon | 11 | |
| Grunt | 2 | |
| Troll Batrider | 8 | |
| Raider | 7 | |
| Shaman | 7 | |
| Tauren | 6 | |
| Kodo Beast | 1 | |
42 total
» upgrades
| Melee Weapons | 1 | |
| Shaman Training | 2 | |
| Ensnare | 1 | |
| Reinforced Defenses | 1 | |
| Pillage | 1 | |
| Liquid Fire | 1 | |
| Pulverize | 1 | |
| War Drums Damage Increase | 1 | |
9 total
» buildings
| Altar of Storms | 1 | |
| Orc Burrow | 7 | |
| Barracks | 1 | |
| Voodoo Lounge | 1 | |
| War Mill | 2 | |
| Stronghold | 1 | |
| Beastiary | 3 | |
| Spirit Lodge | 1 | |
| Fortress | 1 | |
| Watch Tower | 2 | |
| Tauren Totem | 2 | |
| Great Hall | 2 | |
24 total
» build order
00:13 Altar of Storms
00:22 Orc Burrow
00:36 Barracks
01:23 Voodoo Lounge
02:05 Orc Burrow
02:28 War Mill
02:32 War Mill
03:03 Stronghold
06:02 Beastiary
06:03 Beastiary
06:04 Beastiary
06:12 Orc Burrow
06:51 Orc Burrow
07:49 Spirit Lodge
09:06 Fortress
11:54 Orc Burrow
11:57 Orc Burrow
14:18 Watch Tower
17:50 Tauren Totem
17:53 Tauren Totem
22:30 Great Hall
22:43 Orc Burrow
23:53 Great Hall
23:54 Watch Tower
» items
| Healing Salve | 3 | |
| Lesser Clarity Potion | 2 | |
| Scroll of Town Portal | 5 | |
| Scroll of Speed | 3 | |
| Scroll of Regeneration | 1 | |
14 total

»
Islam (
teal | 123 APM | 4003 actions | 32:38)
4 Blood Mage
2 Flame Strike
2 Siphon Mana
» actions
| Assign group hotkey | 72 | |
| Basic commands | 52 | |
| Build / train | 118 | |
| ESC pressed | 11 | |
| Enter build submenu | 47 | |
| Enter hero's abilities submenu | 4 | |
| Right click | 1604 | |
| Select / deselect | 596 | |
| Select group hotkey | 1391 | |
| Use ability | 108 | |
4003 total
» units
| Peasant | 49 | |
| Goblin Shredder | 5 | |
| Siege Engine | 7 | |
| Flying Machine | 11 | |
72 total
» upgrades
| Masonry | 3 | |
| Lumber Harvesting | 1 | |
| Plating | 2 | |
| Gunpowder | 2 | |
| Barrage | 1 | |
| Flak Cannons | 1 | |
10 total
» buildings
| Altar of Kings | 1 | |
| Farm | 10 | |
| Scout Tower | 21 | |
| Arcane Tower | 2 | |
| Lumber Mill | 2 | |
| Arcane Vault | 1 | |
| Town Hall | 1 | |
| Guard Tower | 15 | |
| Keep | 1 | |
| Blacksmith | 1 | |
| Castle | 1 | |
| Workshop | 4 | |
60 total
» build order
00:05 Altar of Kings
00:33 Farm
00:50 Scout Tower
01:09 Farm
01:19 Arcane Tower
01:20 Arcane Tower
01:38 Lumber Mill
02:28 Arcane Vault
02:42 Scout Tower
03:09 Farm
03:32 Town Hall
03:42 Farm
04:22 Guard Tower
04:47 Keep
05:08 Scout Tower
05:09 Scout Tower
05:19 Scout Tower
05:22 Scout Tower
05:52 Guard Tower
05:52 Guard Tower
06:02 Guard Tower
06:19 Guard Tower
06:36 Guard Tower
07:25 Farm
07:56 Scout Tower
08:24 Lumber Mill
08:25 Blacksmith
08:29 Guard Tower
08:46 Farm
09:12 Castle
09:23 Farm
09:24 Scout Tower
10:16 Workshop
10:17 Workshop
10:18 Guard Tower
10:36 Workshop
10:51 Scout Tower
11:05 Scout Tower
11:30 Scout Tower
12:01 Guard Tower
12:24 Guard Tower
12:26 Scout Tower
12:40 Scout Tower
13:10 Farm
13:17 Workshop
13:38 Scout Tower
13:39 Guard Tower
14:01 Farm
14:01 Guard Tower
14:02 Guard Tower
15:26 Guard Tower
16:08 Scout Tower
16:09 Scout Tower
22:02 Scout Tower
22:03 Scout Tower
22:10 Farm
24:25 Scout Tower
24:25 Scout Tower
24:27 Scout Tower
» items
| Lesser Clarity Potion | 5 | |
| Scroll of Regeneration | 3 | |
| Scroll of Town Portal | 1 | |
9 total

»
MR.RAPE (
red | 87 APM | 2729 actions | 31:30)
7 Blademaster
3 Wind Walk
3 Critical Strike
1 Bladestorm
3 Shadow Hunter
1 Hex
2 Healing Wave
» actions
| Assign group hotkey | 41 | |
| Basic commands | 8 | |
| Build / train | 65 | |
| ESC pressed | 8 | |
| Enter build submenu | 21 | |
| Enter hero's abilities submenu | 10 | |
| Give item / drop item | 1 | |
| Remove unit from queue | 1 | |
| Right click | 1537 | |
| Select / deselect | 404 | |
| Select group hotkey | 529 | |
| Use ability | 104 | |
2729 total
» units
| Peon | 14 | |
| Grunt | 6 | |
| Raider | 3 | |
| Kodo Beast | 2 | |
| Wind Rider | 8 | |
33 total
» upgrades
| Ensnare | 1 | |
| Berserker Strength | 1 | |
| Envenomed Spears | 1 | |
| Reinforced Defenses | 1 | |
4 total
» buildings
| Altar of Storms | 1 | |
| Orc Burrow | 7 | |
| Barracks | 1 | |
| Voodoo Lounge | 1 | |
| Stronghold | 1 | |
| War Mill | 1 | |
| Watch Tower | 5 | |
| Beastiary | 4 | |
| Fortress | 1 | |
22 total
» build order
00:08 Altar of Storms
00:11 Orc Burrow
00:45 Barracks
01:35 Orc Burrow
02:33 Voodoo Lounge
03:04 Orc Burrow
04:22 Stronghold
04:25 War Mill
05:17 Orc Burrow
06:07 Watch Tower
07:12 Beastiary
07:13 Beastiary
07:31 Watch Tower
07:33 Watch Tower
07:37 Beastiary
07:39 Beastiary
10:21 Orc Burrow
10:21 Orc Burrow
12:01 Fortress
13:07 Watch Tower
13:08 Watch Tower
13:36 Orc Burrow
» items
| Healing Salve | 3 | |
| Lesser Clarity Potion | 4 | |
| Scroll of Town Portal | 1 | |
| Tiny Great Hall | 1 | |
| Orb of Lightning | 1 | |
10 total

»
TALONSAREIMBA (
blue | 99 APM | 3150 actions | 31:42)
6 Paladin
3 Holy Light
3 Devotion Aura
» actions
| Assign group hotkey | 22 | |
| Basic commands | 163 | |
| Build / train | 63 | |
| ESC pressed | 5 | |
| Enter build submenu | 38 | |
| Enter hero's abilities submenu | 6 | |
| Right click | 1487 | |
| Select / deselect | 776 | |
| Select group hotkey | 492 | |
| Use ability | 98 | |
3150 total
» units
» upgrades
| Masonry | 3 | |
| Long Rifles | 1 | |
| Gunpowder | 3 | |
| Armor | 2 | |
9 total
» buildings
| Altar of Kings | 1 | |
| Farm | 12 | |
| Blacksmith | 1 | |
| Barracks | 2 | |
| Scout Tower | 12 | |
| Arcane Tower | 2 | |
| Lumber Mill | 1 | |
| Keep | 1 | |
| Guard Tower | 4 | |
| Arcane Vault | 1 | |
| Castle | 1 | |
| Town Hall | 1 | |
| Gryphon Aviary | 2 | |
41 total
» build order
00:08 Altar of Kings
00:10 Farm
00:41 Blacksmith
01:21 Barracks
01:38 Farm
02:07 Scout Tower
02:14 Farm
02:19 Farm
02:39 Arcane Tower
04:01 Lumber Mill
04:07 Keep
04:29 Farm
05:30 Scout Tower
05:32 Scout Tower
05:57 Guard Tower
05:59 Farm
07:03 Guard Tower
08:04 Arcane Vault
08:11 Castle
08:29 Barracks
08:53 Scout Tower
09:53 Guard Tower
10:34 Town Hall
12:02 Farm
12:40 Farm
15:49 Scout Tower
15:51 Scout Tower
15:52 Scout Tower
15:53 Scout Tower
15:54 Scout Tower
15:55 Scout Tower
16:17 Guard Tower
16:28 Farm
16:29 Farm
17:08 Farm
17:09 Farm
20:42 Scout Tower
20:49 Scout Tower
21:49 Gryphon Aviary
21:50 Gryphon Aviary
» items
| Scroll of Regeneration | 3 | |
| Scroll of Town Portal | 4 | |
| Potion of Healing | 1 | |
| Orb of Fire | 1 | |
| Potion of Mana | 1 | |
10 total
Chat log
(00:04 / All) TALONSAREIMBA: if u guys suck jus tleave
(00:05 / All) AQUAFLEX: gl hf
(00:06 / All) costa_rica: lol
(00:09 / All) costa_rica: haha
(00:13 / All) costa_rica: is that jamel?
(00:14 / All) costa_rica: hahaha
(00:18 / All) TALONSAREIMBA: no u suck.
(00:18 / Allies) MR_ASTON_MARTIN: anyone wanan feed me
(00:25 / All) costa_rica: guys
(00:27 / All) MR.RAPE: hey eyyy what is it is my dud
(00:28 / All) costa_rica: gl hf
(00:47 / All) costa_rica: euro
(00:50 / All) costa_rica: who u plahing with?
(00:52 / All) TALONSAREIMBA: dude they pick ud dont worry
(00:58 / All) EuroVisionisGG: umm talonsareimba
(01:01 / All) EuroVisionisGG: thats all i know
(01:21 / Allies) MR_ASTON_MARTIN: r u full feed me?
(01:25 / Allies) pro2.swag: ya
(01:43 / All) TALONSAREIMBA: damn bnet lags
(01:49 / All) costa_rica: it doesnt lag
(01:50 / All) TALONSAREIMBA: Im so use to playing in pro tournaments
(01:52 / All) costa_rica: u lieeee
(01:54 / All) TALONSAREIMBA: with lan ping
(01:57 / Allies) MR_ASTON_MARTIN: i need wood
(01:58 / All) TALONSAREIMBA: Im so good
(01:59 / Allies) MR_ASTON_MARTIN: for tech
(01:59 / Allies) MR_ASTON_MARTIN: pink
(02:01 / Allies) MR_ASTON_MARTIN: just harass
(02:03 / Allies) MR_ASTON_MARTIN: and anti expo
(02:04 / Allies) MR_ASTON_MARTIN: etc.
(02:14 / All) costa_rica: who said
(02:17 / All) TALONSAREIMBA: Wow my pally is stuck
(02:21 / All) TALONSAREIMBA: In my base
(02:23 / All) costa_rica: selfsteem its not a desese?
(02:43 / All) TALONSAREIMBA: dont harass me
(02:47 / All) costa_rica: i wont
(02:49 / All) costa_rica: im massing rifles
(02:59 / All) TALONSAREIMBA: No ur the ud
(03:17 / All) costa_rica: okok... 8 legs rifles
(04:18 / All) TALONSAREIMBA: r u guys towering
(04:25 / All) TALONSAREIMBA: dont
(04:31 / Allies) MR_ASTON_MARTIN: gold
(04:36 / All) TALONSAREIMBA: my gf wants me home by 6
(04:43 / All) MR.RAPE: hey eyyy what is it is my dud
(04:45 / All) TALONSAREIMBA: im at the internet cafe
(04:47 / All) costa_rica: that little bitch
(04:49 / All) costa_rica: [
(04:50 / Allies) MR_ASTON_MARTIN: pink
(04:51 / Allies) MR_ASTON_MARTIN: feed
(05:00 / All) costa_rica: tell her 2 let u do ur job man
(05:03 / All) costa_rica: W3
(06:04 / All) TALONSAREIMBA: U guys
(06:05 / All) TALONSAREIMBA: stop
(06:21 / Allies) pro2.swag: help me
(06:24 / Allies) pro2.swag: ...
(06:29 / Allies) pro2.swag: yes
(06:39 / Allies) pro2.swag: we lost
(07:48 / Allies) pro2.swag: hlep plz....
(08:06 / Allies) costa_rica: umb me
(08:07 / Allies) costa_rica: plz
(09:32 / Allies) pro2.swag: wood
(10:07 / Allies) pro2.swag: ...
(10:36 / Allies) pro2.swag: gold plz
(11:36 / Allies) pro2.swag: need wood
(12:22 / Allies) pro2.swag: share gold green
(13:48 / Allies) pro2.swag: 100 gold plz
(14:09 / Allies) pro2.swag: 100 gold
(14:11 / Allies) pro2.swag: green
(15:38 / All) TALONSAREIMBA: Listen ud player
(17:39 / Allies) pro2.swag: green get breakers
(17:50 / Allies) pro2.swag: repair
(18:28 / Allies) costa_rica: fight
(18:29 / Allies) costa_rica: gogogog
(18:32 / Allies) pro2.swag: SHARE PURPLE
(19:14 / Allies) pro2.swag: SHARE PURPLE WTF
(19:20 / Allies) pro2.swag: ...
(20:32 / Allies) costa_rica: wee need fiends
(22:55 / Allies) pro2.swag: LUMBER PLZ
(24:03 / Allies) pro2.swag: CANT GET IT
(24:05 / Allies) pro2.swag: IN
(24:14 / All) costa_rica: its gg
(25:39 / All) MR_ASTON_MARTIN: gg leave plz
(25:51 / Allies) pro2.swag: PURPLE GOLD ME
(26:13 / Allies) pro2.swag: YLW GOLD FOR PLZ?
(26:53 / Allies) pro2.swag: I CANT GET IN
(27:20 / Allies) pro2.swag: HB GOLD ME PLZ
(27:25 / All) EuroVisionisGG: XD
(27:29 / All) costa_rica: XDDDD
(27:33 / All) costa_rica: nigger
(27:57 / All) costa_rica: ordc
(27:59 / All) costa_rica: haccckerrr
(29:08 / Allies) pro2.swag: CARE
(29:13 / Allies) pro2.swag: CARE
(29:40 / Allies) costa_rica: get out
(31:28 / All) costa_rica: lol
(31:46 / All) AQUAFLEX: gg
(32:30 / Allies) AQUAFLEX: 100g